 Dungeon Crawl Stone Soup version 0.23-a0-556-g351818a (webtiles) character file.

48 Geeful the Sneak (level 3, -6/21 HPs)
             Began as an Octopode Earth Elementalist on Dec 10, 2018.
             Mangled by an orc
             ... wielding a +0 mace
              (8 damage)
             ... on level 3 of the Dungeon.
             The game lasted 00:05:18 (1865 turns).

Geeful the Sneak (Octopode Earth Elementalist)      Turns: 1865, Time: 00:05:19

Health: -6/21      AC:  1    Str:  7    XL:     3   Next: 72%
Magic:  3/6        EV: 13    Int: 18    God:
Gold:   46         SH:  0    Dex: 12    Spells: 5/6 levels left

rFire    + . .     SeeInvis .   i - +0 short sword
rCold    + . .     Gourm    .   (no shield)
rNeg     . . .     Faith    .   (helmet restricted)
rPois    +         Spirit   .   (no amulet)
rElec    +         Reflect  .   (no ring)
rCorr    +         Harm     .   (no ring)
MR       .....                  (no ring)
Stlth    +++.......             (no ring)
HPRegen  0.07/turn              (no ring)
MPRegen  0.10/turn              (no ring)
                                (no ring)
                                (no ring)

@: resistant
A: almost no armour, stealthy swim, amphibious, 8 rings, constrict 8, tentacle
spike 1, camouflage 1, electricity resistance, gelatinous body 1, MP-powered
wands
a: no special abilities


You were on level 3 of the Dungeon.
You were not hungry.

You visited 1 branch of the dungeon, and saw 3 of its levels.

You collected 46 gold pieces.

Inventory:

Hand Weapons
 f - a +0 whip
 i - a +0 short sword (weapon)
Missiles
 b - 67 stones (quivered)
Potions
 e - 3 potions of curing
Comestibles
 a - a chunk of flesh
 c - 3 rations


   Skills:
 + Level 2.5 Dodging
 + Level 3.7 Stealth
 + Level 2.4 Spellcasting
   Level 1.0 Transmutations
 + Level 3.4 Earth Magic


You had 5 spell levels left.
You knew the following spells:

 Your Spells              Type           Power        Failure   Level  Hunger
a - Sandblast             Erth           ##....       4%          1    #......

Your spell library contained the following spells:

 Spells                   Type           Power        Failure   Level  Hunger
 Passwall                 Tmut/Erth      ##......     11%         2    ##.....
 Stone Arrow              Conj/Erth      #.....       26%         3    ###....
 Petrify                  Tmut/Erth      ##......     56%         4    #####..
 Lee's Rapid Deconstruct  Erth           ##........   75%         5    ######.


Dungeon Overview and Level Annotations

Branches:
Dungeon (3/15)

Altars:


Innate Abilities, Weirdness & Mutations

You cannot wear most types of armour.
You are very stealthy in the water. (Stealth+)
You are amphibious.
You can wear up to eight rings at the same time.
You can use your tentacles to constrict eight enemies at once.
Your skin changes colour to match your surroundings (Stealth+).
Your rubbery body absorbs attacks. (AC +1, EV +1)
One of your tentacles bears a spike.
You are resistant to electric shocks. (rElec)
You expend magic power (3 MP) to strengthen your wands.


Message History

The orc completely misses you.
You hit the orc but do no damage. You grab the orc.
You pierce the orc, but do no damage.
The orc is lightly wounded.
You constrict the orc, but do no damage.
The rat closely misses you. The orc barely misses you. The orc hits you.
You closely miss the orc. Your grab misses the orc.
Your tentacle spike misses the orc.
You squeeze the orc.
The orc is lightly wounded.
You constrict the orc, but do no damage.
The rat misses you. The orc barely misses you. The orc misses you.
The orc closely misses you. The rat bites you.
* * * LOW HITPOINT WARNING * * *
You hit the orc. You grab the orc.
The orc is lightly wounded.
You constrict the orc, but do no damage.
You constrict the orc. The orc misses you. The orc hits you.
* * * LOW HITPOINT WARNING * * *
The orc hits you with a +0 mace!
You die...

#.. #.. ....# #. #
#...##.####..###. ##.
#...##.##........ ....
#...............#
....####..>##)......#...
#......................#
....................)...
......oro.........#.#..#
##@o..............#
#.....##......#.##
#.....#########.#
#.†...# #.# #...$.# #.#
#..#..# #.. ..###.# ##.
###. .## .


You could see 3 orcs and a rat.

Vanquished Creatures
  A worm (D:2)
  2 dart slugs (D:1)
  A leopard gecko (D:2)
  2 orcs (D:3)
  A giant cockroach (D:1)
  5 goblins
  3 hobgoblins (D:1)
  A quokka (D:3)
  6 bats
  3 frilled lizards
  6 kobolds
  7 rats
38 creatures vanquished.

Notes
Turn   | Place    | Note
-------+----------+-------------------------------------------
     0 | D:1      | Geeful the Octopode Earth Elementalist began the quest for
                  | the Orb.
     0 | D:1      | Reached XP level 1. HP: 11/11 MP: 3/3
   286 | D:1      | Reached XP level 2. HP: 16/17 MP: 5/5
   910 | D:1      | Reached XP level 3. HP: 18/21 MP: 6/6
  1075 | D:2      | Gained mutation: You are resistant to electric shocks.
                  | (rElec) [potion of mutation]
  1075 | D:2      | Gained mutation: One of your tentacles bears a spike.
                  | [potion of mutation]
  1075 | D:2      | Gained mutation: You expend magic power (3 MP) to
                  | strengthen your wands. [potion of mutation]
  1865 | D:3      | Mangled by an orc

Vault maps used:
D:1:      dpeg_arrival_ratfight, wad_floor_pattern_1
D:2:      first_ration
D:3:      lemuel_zombie_altar_kikubaaqudgha, portal_sewer_entry_f,
          serial_bayou_pond_e, hangedman_decor_growths, uniq_terence

Skill      XL: |  1 |
---------------+----+-----
Stealth        | 3 |  3.7
Dodging        | |  2.5
Spellcasting   | |  2.4
Transmutations | |  1.0
Earth Magic    | |  3.4

Action                   || total
-------------------------++-------
Melee: Unarmed           ||    20
       Constrict         ||    25
       Tentacles         ||    12
       Whip              ||    19
       Short sword       ||    46
       Kick              ||     7
 Cast: Sandblast         ||    10
  Use: Scroll            ||     4
       Potion            ||     4
 Stab: Sleeping          ||    10
  Eat: Chunk             ||     3
Armor: Skin              ||     8
Dodge: Dodged            ||    67

Table legend:
 A = Non-vault XP
 B = Vault XP
 C = Vault XP percentage of total XP
 D = Non-vault monster count
 E = Vault monster count
 F = Vault count percentage of total count
                 A         B        C        D         E       F
            +---------+---------+-------+---------+---------+-------
      Total |      64 |       5 |   7.2 |      33 |       5 |  13.2
            +---------+---------+-------+---------+---------+-------
        D:1 |      30 |       5 |  14.3 |      16 |       5 |  23.8
        D:2 |      21 |       0 |   0.0 |      10 |       0 |   0.0
        D:3 |      13 |       0 |   0.0 |       7 |       0 |   0.0
            +---------+---------+-------+---------+---------+-------
